 Dungeon Crawl Stone Soup version 0.28.0-47-ge53b351184 (webtiles) character file.

Game seed: 13845335412408264140

41 hawla the Sneak (level 3, 0/14 HPs)
             Began as a Felid Earth Elementalist on May 8, 2022.
             Slain by a jackal (3 damage)
             ... on level 2 of the Dungeon.
             The game lasted 00:05:19 (2660 turns).

hawla the Sneak (Felid Earth Elementalist)          Turns: 2660, Time: 00:05:20

Health: 0/14       AC:  1    Str:  4    XL:     3   Next: 32%
Magic:  8/8        EV: 17    Int: 18    God:
Gold:   75         SH:  0    Dex: 16    Spells: 7/8 levels left
                                        Lives:  0   Deaths: 1

rFire   . . .      SeeInvis +   (weapon unavailable)
rCold   . . .      Faith    .   (shield unavailable)
rNeg    . . .      Spirit   .   (armour unavailable)
rPois   .          Reflect  .   (helmet unavailable)
rElec   .          Harm     .   (cloak unavailable)
rCorr   .          Rampage  .   (gloves unavailable)
Will    .....                   (boots unavailable)
Stlth   +++.......              (no amulet)
HPRegen 0.04/turn               (no ring)
MPRegen 0.11/turn               (no ring)

@: quick
A: very small, claws 1, fangs 3, see invisible, speed 1, shaggy fur 1, stealthy
paws, no weapons or thrown items, no armour, multi-lived
a: no special abilities


You were on level 2 of the Dungeon.
You visited 1 branch of the dungeon, and saw 3 of its levels.

You collected 75 gold pieces.

Inventory:

Jewellery
 f - an amulet of faith
Scrolls
 a - a scroll of teleportation
 c - a scroll of fog
Potions
 d - a potion of curing {unknown}
 e - a potion of heal wounds {unknown}
 g - a potion of resistance {unknown}
 h - 2 potions of haste {unknown}


   Skills:
 + Level 0.1 Fighting
 + Level 3.0 Dodging
 + Level 3.7 Stealth
 + Level 0.2 Unarmed Combat
 + Level 3.0 Spellcasting
 + Level 1.1 Transmutations
 + Level 3.3 Earth Magic


You had 7 spell levels left.
You knew the following spells:

 Your Spells              Type           Power      Damage    Failure   Level
a - Sandblast             Erth           28%        2d8       4%          1

Your spell library contained the following spells:

 Spells                   Type           Power      Damage    Failure   Level
 Passwall                 Tmut/Erth      8%         N/A       10%         2
 Stone Arrow              Conj/Erth      16%        3d8       24%         3
 Inner Flame              Hex/Fire       2%         N/A       43%         3
 Petrify                  Tmut/Erth      10%        N/A       54%         4
 Cause Fear               Hex            1%         N/A       85%         4
 Discord                  Hex            1%         N/A       100%        8


Dungeon Overview and Level Annotations

Branches:
Dungeon (3/15)

Altars:
Nemelex Xobeh
Yredelemnul


Innate Abilities, Weirdness & Mutations

You have sharp claws.
You have razor-sharp teeth.
You have supernaturally acute eyesight. (SInv)
You cover ground quickly. (Speed+)
You are covered in fur. (AC +1)
Your paws help you pounce on unaware monsters.
You are incapable of wielding weapons or throwing items.
You cannot wear armour.
You gain extra lives every three experience levels.


Message History

* * * LOW HITPOINT WARNING * * *
The kobold hits you with a +0 club.
* * * LOW HITPOINT WARNING * * *
You climb upwards.
There is a stone staircase leading down here.
The jackal closely misses you.
Casting: Sandblast (safe; 4% risk of failure)
Confirm with . or Enter, or press ? or * to list all spells.
Aiming: Sandblast (safe; 4% risk of failure)
Press: ? - help, Shift-Dir - straight line, f - jackal
Aim: a jackal (74% to hit)
The blast of sand hits the jackal but does no damage.
Casting: Sandblast (safe; 4% risk of failure)
Confirm with . or Enter, or press ? or * to list all spells.
Aiming: Sandblast (safe; 4% risk of failure)
Press: ? - help, Shift-Dir - straight line, f/p - jackal
Aim: a jackal (74% to hit)
The blast of sand hits the jackal!
You kill the jackal!
You now have no stones remaining.
The jackal closely misses you.
Casting: Sandblast (safe; 4% risk of failure)
Confirm with . or Enter, or press ? or * to list all spells.
You don't have any stones to cast with.
Unknown command.
The jackal completely misses you. The jackal barely misses you.
Casting: Sandblast (safe; 4% risk of failure)
Confirm with . or Enter, or press ? or * to list all spells.
You don't have any stones to cast with.
Unknown command.
Casting: Sandblast (safe; 4% risk of failure)
Confirm with . or Enter, or press ? or * to list all spells.
You don't have any stones to cast with.
Unknown command.
The jackal barely misses you. The jackal barely misses you.
The jackal closely misses you. The jackal misses you. The jackal bites you.
You die...

##..........#.#.####.#...........
###############.# #.............
#..P.## ##PPPP#.######.##........
#.P...###PPPPP#.........#........
'..P.P._PPPPPP'.#######.#........
#.....###PP.PP#.#.......#........
#P...## ##PPPP#.#.......#........
######## ######.#########........
###+#..# #...##.@h...............
.......###...##.##########.......
........##...##.## #.......
........##...#...####### #.(.....
....).#..#...#...#.....# ########
......#..#...#...'.....# #
......#......#...#.....### #
......#.#....#...#.......# #
.............'...##....(.# #


You could see a jackal.

Vanquished Creatures
  A gnoll (D:3)
  2 adders
  2 worms (D:2)
  2 ball pythons
  8 endoplasms
  5 giant cockroaches
  5 goblins
  5 hobgoblins
  5 jackals (D:2)
  3 bats
  A frilled lizard (D:1)
  A rat (D:2)
40 creatures vanquished.

Notes
Turn   | Place    | Note
-------+----------+-------------------------------------------
     0 | D:1      | hawla the Felid Earth Elementalist began the quest for the
                  | Orb.
     0 | D:1      | Reached XP level 1. HP: 7/7 MP: 4/4
   315 | D:1      | Reached XP level 2. HP: 11/11 MP: 6/6
  1122 | D:2      | Found a faded altar of an unknown god.
  1148 | D:2      | Reached XP level 3. HP: 14/14 MP: 3/7
  1867 | D:2      | Found a sparkling altar of Nemelex Xobeh.
  2554 | D:3      | Reached XP level 4. HP: 18/18 MP: 4/9
  2557 | D:3      | Slain by a gnoll
  2558 | D:3      | Reached XP level 3. HP: -4/14 MP: 4/8
  2563 | D:3      | Found a basalt altar of Yredelemnul.
  2660 | D:2      | Slain by a jackal

Illustrated notes

Levels and vault maps discovered:
D:1:      tarquinn_simple_flora_water_e, layout_basic, minivault_24
D:2:      layout_basic, shapermc_ecumenical_altar_flowoftime, basic_altar
D:3:      layout_rooms, amcnicky_altar_gilded, uniq_crazy_yiuf_cottage

Skill      XL: |  1  2  3 |
---------------+----------+-----
Dodging        | 3 |  3.0
Earth Magic    | 3 |  3.3
Stealth        | 3 |  3.7
Spellcasting   | 3 |  3.0
Fighting       | |  0.1
Unarmed Combat | |  0.2
Transmutations | |  1.1

Action                   |  1- 3 |  4- 6 || total
-------------------------+-------+-------++-------
Melee: Unarmed           |    30 |       ||    30
       Bite              |     5 |       ||     5
       Punch             |     1 |       ||     1
 Cast: Sandblast         |    49 |       ||    49
  Use: Scroll            |     4 |       ||     4
 Stab: Sleeping          |    10 |       ||    10
Armor: Skin              |     1 |       ||     1
Dodge: Dodged            |    39 |     1 ||    40
